 Dungeon Crawl Stone Soup version 0.31.0-11-ge490571c62 (webtiles) character file.

Game seed: 12578883912775997597

72 qw the Shooter (level 4, -3/25 HPs)
             Began as a Deep Elf Hunter on Feb 4, 2024.
             Slain by a gnoll sergeant
             ... wielding a +1 trident of freezing
              (6 damage)
             ... on level 2 of the Dungeon.
             The game lasted 00:00:04 (1185 turns).

qw the Shooter (Deep Elf Hunter)                    Turns: 1185, Time: 00:00:05

Health: -3/25      AC: 12    Str: 14    XL:     4   Next: 7%
Magic:  6/6        EV: 11    Int: 14    God:
Gold:   39         SH:  0    Dex: 18    Spells: 3/3 levels left

rFire   . . .        a - +0 shortbow
rCold   . . .        (shield currently unavailable)
rNeg    . . .        e - +1 ring mail
rPois   .            (no helmet)
rElec   .            h - +2 cloak
rCorr   .            c - +2 pair of gloves of Dahij {Str+4}
SInv    .            (no boots)
Will    .....        (no amulet)
Stlth   +            (no ring)
HPRegen 0.24/turn    (no ring)
MPRegen 0.10/turn

%: no passive effects
@: no status effects
A: no striking features
a: no special abilities


You were on level 2 of the Dungeon.
You visited 1 branch of the dungeon, and saw 2 of its levels.

You collected 39 gold pieces.


   Skills:
 - Level 1.5 Fighting
 + Level 7.5 Ranged Weapons
 - Level 2.4 Dodging
 - Level 1.2 Stealth


You had 3 spell levels left.
You didn't know any spells.
Your spell library was empty.

Inventory:

Hand Weapons
 a - a +0 shortbow (weapon)
Armour
 c - the +2 pair of gloves of Dahij (worn) {Str+4}
   (You acquired it on level 1 of the Dungeon)

   Str+4:     It affects your strength (+4).
 e - a +1 ring mail (worn)
 h - a +2 cloak (worn)
Scrolls
 d - a scroll of poison {unknown}
Potions
 b - a potion of lignification {unknown}

Dungeon Overview and Level Annotations

Branches:
Dungeon (2/15)

Altars:
Hepliaklqana

Shops:
D:1 *


Message History

You kill the gnoll!
You have reached level 4!
You feel clever.
Found a hand axe.
Things that are here:
a +0 whip; a gnoll corpse You see here the +8 hand axe of Conversion {freeze, *Slow MP+9 Dex+3}.
Found a scroll of butterflies.
The gnoll sergeant shouts!
There are monsters nearby!
You shoot an arrow. The arrow hits the gnoll sergeant.
The gnoll sergeant is lightly wounded.
You shoot an arrow.
The arrow barely misses the gnoll sergeant.
The gnoll sergeant hits you from afar with a +1 trident of freezing!
The gnoll sergeant freezes you.
You shoot an arrow. The arrow hits the gnoll sergeant.
The gnoll sergeant is moderately wounded.
The gnoll sergeant misses you.
You shoot an arrow. The arrow hits the gnoll sergeant!
The gnoll sergeant is heavily wounded.
The gnoll sergeant hits you from afar with a +1 trident of freezing.
The gnoll sergeant freezes you.
You shoot an arrow. The arrow closely misses the gnoll.
The gnoll hits you with a +0 whip.
The gnoll sergeant hits you from afar with a +1 trident of freezing!
The gnoll sergeant freezes you.
1182 ||| DRINKING potion of heal wounds.
You feel much better. The gnoll completely misses you.
The gnoll sergeant hits you from afar with a +1 trident of freezing!
The gnoll sergeant freezes you.
You shoot an arrow. The arrow barely misses the gnoll.
The gnoll hits you but does no damage. The gnoll sergeant closely misses you.
You shoot an arrow. The arrow closely misses the gnoll.
The gnoll closely misses you. The gnoll sergeant barely misses you.
You shoot an arrow. The arrow hits the gnoll!
The gnoll is severely wounded.
The gnoll hits you with a +0 whip.
The gnoll sergeant hits you from afar with a +1 trident of freezing.
You die... #............### #.. #......####....###### #..>...'..'....'..... #......####....##.... ######.......).###### 77777

##.........# #.
...)7 ##....#...#
#.
#..777###..#...#
#.
.#..@.777##.#####
##
#.?.#gg7..)77#.#
#
.)..'.......)..#
#...#.7....77###
#...#..).777 #.
#####..777 #.
7)...7 #.


77777 #. ## You could see a gnoll sergeant and a gnoll.

Vanquished Creatures
  2 gnolls
  An adder (D:2)
  2 dart slugs (D:1)
  2 ribbon worms (D:2)
  An endoplasm (D:2)
  A giant cockroach (D:1)
  4 goblins
  3 hobgoblins (D:1)
  7 jackals (D:1)
  3 kobolds
  A quokka (D:2)
  3 ball pythons
  2 bats (D:1)
  2 rats
34 creatures vanquished.

Notes
Turn   | Place    | Note
-------+----------+-------------------------------------------
     0 | D:1      | qw the Deep Elf Hunter began the quest for the Orb.
     0 | D:1      | Reached XP level 1. HP: 12/12 MP: 3/3
     0 | D:1      | 0 ||| qw: Version: 0.3-a-160-g6735b56
     0 | D:1      | 0 ||| qw: Game counter: 5533
     0 | D:1      | 0 ||| qw: Melee chars always use a shield: true
     0 | D:1      | 0 ||| qw: God list: Okawaru
     0 | D:1      | 0 ||| qw: Allow faded altars: false
     0 | D:1      | 0 ||| qw: Do Orc after clearing Dungeon:15 true
     0 | D:1      | 0 ||| qw: Do second Lair branch before Depths: true
     0 | D:1      | 0 ||| qw: Lair rune preference: random
     0 | D:1      | 0 ||| qw: Goals: Normal
     0 | D:1      | 0 ||| PLANNING D:1-11
   103 | D:1      | Reached skill level 6 in Ranged Weapons
   103 | D:1      | Reached XP level 2. HP: 16/16 MP: 4/4
   284 | D:1      | Found Zept's General Store.
   293 | D:1      | 293 ||| SHOPLISTING potion of enlightenment (65 gold, have
                  | 0).
   383 | D:1      | Reached XP level 3. HP: 15/20 MP: 5/5
   609 | D:1      | 609 ||| UPGRADING to +0 ring mail.
   619 | D:1      | 619 ||| DROPPING +0 leather armour.
   620 | D:1      | 620 ||| UPGRADING to +2 pair of gloves.
   625 | D:1      | 625 ||| UPGRADING to +0 cloak.
   630 | D:1      | 630 ||| READING scroll labelled JOYMMAINOYD.
   631 | D:1      | 631 ||| READING scroll labelled FUASOH LILOST.
   631 | D:1      | 631 ||| IDENTIFYING orange potion
   632 | D:1      | 632 ||| READING scroll labelled YSEOSTIRCHO.
   632 | D:1      | Identified a scroll of acquirement
   632 | D:1      | 632 ||| ACQUIRING +2 pair of gloves of Dahij {Str+4}
   632 | D:1      | Acquired the +2 pair of gloves of Dahij {Str+4}
   634 | D:1      | 634 ||| UPGRADING to +2 pair of gloves of Dahij {Str+4}.
   644 | D:1      | 644 ||| DROPPING +2 pair of gloves.
   645 | D:1      | 645 ||| READING scroll labelled HATOEC VUANGIN.
   646 | D:1      | 646 ||| READING scroll labelled VUELEM SATUR.
   650 | D:1      | 650 ||| READING 3 scrolls labelled CEOPPE XUNET.
   650 | D:1      | 650 ||| ENCHANTING +0 cloak.
   651 | D:1      | 651 ||| READING 2 scrolls of enchant armour.
   651 | D:1      | 651 ||| ENCHANTING +1 cloak.
   652 | D:1      | 652 ||| READING scroll of enchant armour.
   652 | D:1      | 652 ||| ENCHANTING +0 ring mail.
   653 | D:1      | 653 ||| DROPPING scroll of butterflies.
   712 | D:2      | Reached skill level 7 in Ranged Weapons
   714 | D:2      | Found a hazy altar of Hepliaklqana.
  1169 | D:2      | Reached XP level 4. HP: 25/25 MP: 6/6
  1172 | D:2      | Identified the +8 hand axe of Conversion {freeze, *Slow
                  | MP+9 Dex+3}
  1175 | D:2      | Noticed a gnoll sergeant
  1175 | D:2      | Found the +5 woodcutter's axe
  1181 | D:2      | HP: 4/25 [gnoll sergeant/+1 trident of freezing (8)]
  1182 | D:2      | 1182 ||| DRINKING potion of heal wounds.
  1185 | D:2      | Slain by a gnoll sergeant

Levels and vault maps discovered:
D:1:      mrwooster_arrival_statue, layout_basic, serial_shops, shop
D:2:      layout_basic, basic_altar, pf_guarded_unrand_woodcutter

Skill      XL: |  1  2  3 |
---------------+----------+-----
Ranged Weapons | 6 7 |  7.5
Fighting       | |  1.5
Dodging        | |  2.4
Stealth        | |  1.2

Action                     |  1- 3 |  4- 6 || total
---------------------------+-------+-------++-------
   Fire: Shortbow          |    90 |     8 ||    98
    Use: Scroll            |     8 |       ||     8
         Potion            |       |     1 ||     1
 Armour: Leather armour    |     3 |       ||     3
         Ring mail         |     4 |     8 ||    12
  Dodge: Dodged            |    12 |     5 ||    17

Table legend:
 A = Non-vault XP
 B = Vault XP
 C = Vault XP percentage of total XP
 D = Non-vault monster count
 E = Vault monster count
 F = Vault count percentage of total count
                 A         B        C        D         E       F
            +---------+---------+-------+---------+---------+-------
      Total |      91 |      13 |  12.5 |      33 |       1 |   2.9
            +---------+---------+-------+---------+---------+-------
        D:1 |      58 |       0 |   0.0 |      23 |       0 |   0.0
        D:2 |      33 |      13 |  28.3 |      10 |       1 |   9.1
            +---------+---------+-------+---------+---------+-------
